 Dungeon Crawl Stone Soup version 0.26.0-10-g1f06aea511 (webtiles) character file.

Game seed: 17015703534319169187

264 Dracia the Skirmisher (level 5, -6/44 HPs)
             Began as a Demonspawn Gladiator on Jan 22, 2021.
             Mangled by Menkaure (11 damage)
             ... on level 4 of the Dungeon.
             The game lasted 00:08:20 (3423 turns).

Dracia the Skirmisher (Demonspawn Gladiator)        Turns: 3423, Time: 00:08:20

Health: -6/44      AC:  9    Str: 15    XL:     5   Next: 98%
Magic:  0/5        EV: 13    Int: 10    God:
Gold:   317        SH:  0    Dex: 14    Spells: 4/4 levels left

rFire    . . .     SeeInvis .   j - +4 whip (flame)
rCold    + . .     Faith    .   (no shield)
rNeg     . . .     Spirit   +   b - +0 leather armour
rPois    .         Reflect  .   (helmet restricted)
rElec    .         Harm     .   (no cloak)
rCorr    .         Rampage  .   (no gloves)
Will     .....                  (no boots)
Stlth    +.........             (no amulet)
HPRegen  0.14/turn              C - ring of protection from cold
MPRegen  0.09/turn              O - +4 ring of protection

@: no status effects
A: horns 1, yellow scales 1, magic shield
a: no special abilities


You were on level 4 of the Dungeon.
You visited 1 branch of the dungeon, and saw 4 of its levels.

You collected 317 gold pieces.


Innate Abilities, Weirdness & Mutations

You have a pair of small horns on your head.
You are partially covered in yellow scales. (AC +2)
When hurt, damage is shared between your health and your magic reserves.


   Skills:
 + Level 5.5 Fighting
 - Level 3.5 Staves
 - Level 1.7 Throwing
 - Level 0.5 Armour
 - Level 2.8 Dodging


You had 4 spell levels left.
You didn't know any spells.
Your spell library was empty.

Inventory:

Hand Weapons
 a - a +0 quarterstaff
 j - a +4 whip of flaming (weapon)
Missiles
 d - 2 throwing nets {=f=f}
 r - 7 poisoned darts
 u - 7 javelins (quivered)
Armour
 b - a +0 leather armour (worn)
 p - a +0 helmet
Jewellery
 c - an uncursed ring of ice
 C - a ring of protection from cold (left hand)
 F - an uncursed ring of fire
 O - a +4 ring of protection (right hand)
Wands
 n - a wand of random effects (15)
Scrolls
 g - a scroll of identify {@r1@r1}
 k - 2 scrolls of remove curse {@r2@r2}
 l - 2 scrolls of teleportation {@r4@r4}
 o - 2 scrolls of magic mapping
Potions
 e - 3 potions of curing {@q1@q1}
 f - a potion of heal wounds {unknown}
 h - a potion of mutation {unknown}
 i - a potion of haste {unknown}
 m - a potion of invisibility {unknown}
 s - a potion of lignification {unknown}

Dungeon Overview and Level Annotations

Branches:
Dungeon (4/15)
 Temple: D:4-7

Altars:
Cheibriados
Nemelex Xobeh
Qazlal
Ru
Sif Muna
The Shining One

Annotations:
D:4 Menkaure, Sigmund

#...(....................#
###################.#.####
############## #...####
.............# #.....#(
.............# #...####
.............# #.#...#
.............# #.#.###
........Y....# #.#>####
........@....# ###.....
........M....# #.....
.........?...# #.....
############## #.....
#..)[. #..... #.....
#..... #.....


You could see an ice beast and Menkaure (fast).


Message History

* * * LOW HITPOINT WARNING * * *
The ice beast convulses!
Menkaure points at you and mumbles some strange words.
Pain shoots through your body!
* * * LOW HITPOINT WARNING * * *
You hit Menkaure. You burn Menkaure. Your headbutt misses Menkaure.
Menkaure is lightly damaged.
Menkaure barely misses you.
You whack Menkaure! You burn Menkaure. Your headbutt misses Menkaure.
Menkaure is heavily damaged.
Menkaure whispers, "Let me perform the rites..."
Menkaure casts a spell at you. Pain shoots through your body!
* * * LOW HITPOINT WARNING * * *
The ice beast hits you but does no damage.
Menkaure closely misses you.
You feel better. The ice beast misses you.
Menkaure calls on the powers of darkness!
Your body is wracked with pain!
* * * LOW HITPOINT WARNING * * *
The ice beast convulses!
You hit Menkaure. You burn Menkaure.
You headbutt Menkaure, but do no damage.
Menkaure is almost destroyed.
The ice beast hits you.
* * * LOW HITPOINT WARNING * * *
The ice beast freezes you. You resist.
* * * LOW HITPOINT WARNING * * *
Menkaure hits you!
You die...

Skill      XL: |  1  2  3  4  5 |
---------------+----------------+-----
Staves         | 3 |  3.5
Fighting       | 3 4 5 |  5.5
Throwing       | |  1.7
Armour         | |  0.5
Dodging        | |  2.8

Action                   |  1- 3 |  4- 6 || total
-------------------------+-------+-------++-------
Melee: Quarterstaff      |    47 |       ||    47
       Whip              |    72 |   178 ||   250
       Headbutt          |    13 |    28 ||    41
Throw: Javelin           |       |     3 ||     3
       Throwing net      |       |     1 ||     1
Evoke: Wand              |       |     2 ||     2
  Use: Scroll            |     4 |     4 ||     8
       Potion            |       |     1 ||     1
 Stab: Sleeping          |     1 |     1 ||     2
       Held in net/web   |       |     1 ||     1
Armor: Leather armour    |    50 |    47 ||    97
Dodge: Dodged            |    75 |   112 ||   187

Levels and vault maps discovered:
D:1:      psy_arrival_radial02, layout_basic, minmay_misc_feat_plants
D:2:      layout_rooms, marbit_many_paths, general_overflow_altar,
          nicolae_overflow_hidden_temple, chequers_ecumenical_altar_island,
          kennysheep_doodads, nicolae_ru_sacrificial_ziggurat, uniq_robin
D:3:      layout_loops_corners, nemelex_xobeh_ov_fountains_minmay
D:4:      layout_basic, serial_shops, nicolae_shop_trees, led_sif_book,
          uniq_sigmund, uniq_menkaure, uniq_crazy_yiuf_cottage

Notes
Turn   | Place    | Note
-------+----------+-------------------------------------------
     0 | D:1      | Dracia the Demonspawn Gladiator began the quest for the
                  | Orb.
     0 | D:1      | Reached XP level 1. HP: 16/16 MP: 1/1
    96 | D:1      | Reached skill level 3 in Staves
   214 | D:1      | Gained mutation: You have a pair of small horns on your
                  | head. [demonic ancestry]
   214 | D:1      | Reached XP level 2. HP: 9/22 MP: 2/2
   831 | D:1      | Reached XP level 3. HP: 24/27 MP: 3/3
  1147 | D:2      | Found a glowing golden altar of the Shining One.
  1148 | D:2      | Found a shimmering blue altar of Sif Muna.
  1213 | D:2      | Found a faded altar of an unknown god.
  1235 | D:2      | Found a sacrificial altar of Ru.
  1341 | D:2      | Noticed Robin
  1367 | D:2      | Killed Robin
  1368 | D:2      | Reached skill level 3 in Fighting
  1387 | D:2      | Gained mutation: You are partially covered in yellow
                  | scales. (AC +2) [demonic ancestry]
  1387 | D:2      | Reached XP level 4. HP: 20/35 MP: 4/4
  1698 | D:2      | Found a snail-covered altar of Cheibriados.
  1829 | D:2      | Found a stormy altar of Qazlal.
  1963 | D:3      | Reached skill level 4 in Fighting
  1980 | D:3      | Gained mutation: When hurt, damage is shared between your
                  | health and your magic reserves. [demonic ancestry]
  1980 | D:3      | Reached XP level 5. HP: 18/42 MP: 5/5
  2553 | D:3      | Found a sparkling altar of Nemelex Xobeh.
  2741 | D:3      | Reached skill level 5 in Fighting
  3410 | D:4      | Noticed Sigmund
  3416 | D:4      | Noticed Menkaure
  3416 | D:4      | Noticed an ice beast
  3421 | D:4      | HP: 4/44 [Menkaure/nerve-wracking pain (9)]
  3423 | D:4      | Mangled by Menkaure

Vanquished Creatures
  Robin (D:2)
  8 gnolls (D:3)
  5 adders
  An adder skeleton (D:3)
  3 worms
  3 dart slugs
  4 leopard geckos
  12 orcs
  4 giant cockroaches
  16 hobgoblins
  3 jackals (D:3)
  2 quokkas (D:3)
  6 bats
  7 frilled lizards
  14 goblins
  5 kobolds
  6 rats
100 creatures vanquished.

Table legend: (Time is in decaauts)
 A = Elapsed time spent in this place.
 B = Non-inter-level travel time spent in this place.
 C = Inter-level travel time spent in this place.
 D = Time resting spent in this place.
 E = Time spent auto-exploring this place.
 F = Levels seen in this place.
 G = Mean time per level.
                   A        B        C        D        E       F      G
               +--------+--------+--------+--------+--------+-----+--------+
         Total |   3429 |   3357 |     72 |      0 |   2703 |   4 |  857.2 |
       Dungeon |   3429 |   3357 |     72 |      0 |   2703 |   4 |  857.2 |
               +--------+--------+--------+--------+--------+-----+--------+

Top non-repeatable levels by time:
     D:3: 1269 daAuts
     D:1: 1079 daAuts
     D:2: 773 daAuts
     D:4: 306 daAuts

Table legend:
 A = Non-vault XP
 B = Vault XP
 C = Vault XP percentage of total XP
 D = Non-vault monster count
 E = Vault monster count
 F = Vault count percentage of total count
                 A         B        C        D         E       F
            +---------+---------+-------+---------+---------+-------
      Total |     338 |      40 |  10.6 |      86 |      14 |  14.0
            +---------+---------+-------+---------+---------+-------
        D:1 |      41 |       0 |   0.0 |      21 |       0 |   0.0
        D:2 |      52 |      40 |  43.5 |      21 |      14 |  40.0
        D:3 |     207 |       0 |   0.0 |      38 |       0 |   0.0
        D:4 |      38 |       0 |   0.0 |       6 |       0 |   0.0
            +---------+---------+-------+---------+---------+-------
